Map: Lock & Load

Players

serch

  • Race: Protoss Protoss
  • Spawn Location: 6:00

NamroodTuo

  • Race: Zerg Zerg

VOD

Have the link to the VOD?

Description

Time

  • Played on: Jan. 8, 2023, 4:56 p.m.
  • Length: 32:29
Show
View Real Time Build Order
Export as new Build Order

serch Protoss 

Build Orders:  

Get SALT Encoding   

  12  0:25  Probe (Chrono Boost)  
  13  0:54  Xel'Naga Passageway  
  13  1:12  Xel'Naga Passageway  
  13  2:15  Core Forge  
  13  2:58  Xel'Naga Ambusher x2  
  17  3:19  Xel'Naga Ambusher  
  19  3:41  Tesseract Cannon  
  19  3:56  Void Shrine  
  19  4:54  Constructs Facility  
  19  5:04  Constructs Facility  
  19  5:20  Tesseract Cannon  
  19  7:10  Unknown  
  19  8:22  Xel'Naga Watcher  
  19  8:24  Xel'Naga Enforcer  
  23  8:37  Xel'Naga Enforcer  
  25  9:57  Xel'Naga Ambusher, Xel'Naga Shieldguard  
  28  10:16  Xel'Naga Shieldguard  
  28  10:18  Xel'Naga Shieldguard  
  30  10:34  Xel'Naga Shieldguard  
  30  10:36  Xel'Naga Shieldguard  
  32  10:53  Xel'Naga Shieldguard  
  33  11:29  Ancient Nexus  
  32  11:38  Unknown  
  30  13:04  Probe (Chrono Boost)  
  31  13:13  Probe (Chrono Boost)  
  32  13:27  Probe (Chrono Boost), Tesseract Cannon  
  33  13:41  Probe (Chrono Boost)  
  34  13:55  Probe (Chrono Boost)  
  35  14:09  Probe (Chrono Boost)  
  36  16:15  Xel'Naga Ambusher  
  36  16:16  Xel'Naga Shieldguard  
  36  16:17  Constructs Bay  
  39  16:34  Void Templar  
  39  16:36  Xel'Naga Shieldguard  
  42  16:55  Xel'Naga Ambusher, Xel'Naga Shieldguard  
  45  17:14  Void Templar  
  45  17:16  Xel'Naga Shieldguard  
  46  17:34  Xel'Naga Ambusher  
  46  17:35  Xel'Naga Shieldguard  
  49  18:29  Tesseract Cannon  
  49  18:38  Tesseract Cannon  
  49  18:55  Xel'Naga Watcher  
  49  18:57  Xel'Naga Abrogator  
  52  19:10  Xel'Naga Enforcer  
  56  19:21  Xel'Naga Abrogator  
  55  23:34  Xel'Naga Watcher  
  55  23:35  Xel'Naga Watcher  
  55  23:39  Xel'Naga Shieldguard  
  56  23:40  Xel'Naga Shieldguard  
  56  23:49  Xel'Naga Abrogator, Xel'Naga Enforcer  
  61  23:58  Void Templar, Xel'Naga Shieldguard  
  67  24:14  Xel'Naga Abrogator  
  67  24:16  Xel'Naga Shieldguard  
  67  24:19  Xel'Naga Ambusher  
  73  24:35  Xel'Naga Shieldguard  
  74  24:40  Xel'Naga Shieldguard  
  75  24:53  Xel'Naga Ambusher  
  75  24:58  Xel'Naga Shieldguard  
Show
View Real Time Build Order
Export as new Build Order

NamroodTuo Zerg 

Build Orders:  

Get SALT Encoding   

  12  0:04  Infested SCV  
  13  0:18  Overlord  
  13  0:32  Infested SCV  
  13  0:36  Infested SCV  
  15  0:50  Infested Barracks  
  15  0:55  Infested SCV  
  16  1:04  Infested SCV  
  16  1:05  Infested SCV  
  18  1:21  Infested SCV  
  19  1:38  Infested SCV  
  20  1:51  Infestation Level 1  
  20  1:56  Overlord  
  20  2:02  Infested Refinery  
  20  2:06  Infested Refinery  
  20  2:13  Infested Engineering Bay  
  20  2:17  Infested SCV  
  21  2:45  Infested SCV x2  
  23  2:53  Infested Barracks Tech Lab  
  23  3:04  Infested SCV  
  24  3:22  Retinal Augmentation  
  24  3:25  Infested SCV  
  25  3:31  Overlord  
  25  3:41  Regenerative Plating  
  25  3:46  Infested SCV  
  26  4:03  Overlord  
  26  4:19  Infested Bunker  
  30  4:33  Anaerobic Enhancement  
  30  4:56  Infested Marine  
  30  4:57  Infested Marine x15  
  46  5:24  Plagued Munitions  
  46  5:26  Infested SCV  
  47  5:31  Overlord  
  47  5:32  Overlord  
  47  5:33  Broodling Gestation  
  41  5:50  Stukov Infantry Weapons Level 1  
  41  5:54  Infested SCV  
  41  5:58  Infested SCV  
  37  6:00  Overlord  
  37  6:23  Infested Barracks  
  33  6:41  Infested Bunker  
  37  7:14  Infestation Level 2  
  37  7:32  Infested Barracks  
  37  8:17  Infested Marine  
  37  8:18  Infested Marine x18  
  56  8:30  Stukov Infantry Armor Level 1  
  56  8:50  Infested Marine  
  56  8:51  Infested Marine x14  
  71  9:14  Infested Factory  
  71  9:25  Overlord x5  
  52  10:09  Infested Bunker  
  53  10:15  Infested SCV x2  
  53  10:16  Infested SCV  
  44  10:32  Infested Armory  
  44  11:10  Stukov Infantry Weapons Level 2  
  44  11:15  Infested Bunker  
  48  11:21  Infested Marine  
  48  11:22  Infested Marine x14  
  63  11:47  Infested Bunker  
  67  11:55  Infested Missile Turret  
  67  12:02  Infested Marine  
  67  12:03  Infested Marine x9  
  76  12:24  Infested SCV  
  76  12:26  Overlord x2  
  76  12:29  Infested SCV  
  54  13:10  Infested Command Center  
  58  13:42  Infested Bunker  
  58  13:59  Infested Missile Turret  
  62  14:31  Infested Bunker  
  66  15:11  Infested Bunker  
  66  15:17  Infested SCV x2  
  66  15:18  Infested SCV x2  
  70  15:27  Overlord x2  
  74  16:03  Infested Bunker  
  78  16:30  Infested Bunker  
  78  16:37  Infested Missile Turret  
  78  17:02  Infested Missile Turret  
  78  17:06  Infested Missile Turret  
  78  17:22  Infested Bunker  
  82  17:47  Calcified Armor  
  82  18:12  Infested Missile Turret  
  82  18:26  Infested Bunker  
  86  18:47  Stukov Infantry Weapons Level 3  
  90  19:04  Infested SCV x2  
  90  19:05  Infested SCV  
  90  19:06  Infested SCV  
  94  19:25  Infested Bunker  
  94  19:36  Overlord  
  94  19:41  Infested SCV x3  
  97  19:51  Infested Bunker  
  97  19:55  Infested Missile Turret  
  97  19:58  Infested Refinery  
  101  20:02  Infested Refinery  
  101  20:34  Infested SCV x2  
  101  20:35  Infested SCV  
  101  20:37  Aggressive Incubation  
  104  20:48  Infestation Level 3  
  108  21:12  Infested Bunker  
  108  21:28  Infested Bunker  
  112  21:34  Overlord  
  112  21:35  Overlord x2  
  112  21:36  Overlord  
  112  21:47  Infested Marine x2  
  114  22:03  Infested Barracks  
  114  22:14  Infested Marine x3  
  114  22:15  Infested Marine x4  
  121  22:26  Stukov Infantry Armor Level 2  
  121  22:27  Infested Missile Turret  
  121  22:33  Infested Bunker  
  123  22:54  Infested Marine  
  123  22:55  Infested Marine x14  
  123  22:56  Infested Marine x12  
  148  23:22  Infested Marine  
  148  23:23  Infested Marine x19  
  148  23:24  Infested Marine x3  
  171  23:35  Infested SCV  
  171  23:36  Infested SCV x4  
  176  23:49  Infested Bunker  
  182  23:51  Infested Bunker  
  182  24:32  Infested Bunker  
  160  24:42  Infested Bunker  
  164  24:50  Infested Bunker  
  149  25:29  Infested Bunker  
  149  25:43  Infested Bunker  
  149  26:29  Infested Bunker  
  157  26:34  Infested Bunker  
  157  26:37  Infested Missile Turret  
  157  26:44  Overlord x3  
  157  26:45  Infested Bunker  
  157  26:46  Infested SCV x4  
  157  26:47  Infested SCV  
  166  27:07  Infested Missile Turret  
  166  27:38  Infested Bunker  
  178  27:51  Infested Bunker  
  178  27:57  Infested Bunker  
  178  29:21  Infested Marine  
  178  29:22  Infested Marine x14  
  178  29:23  Infested Marine x7  
  178  31:49  Infested Marine x6  
  184  31:50  Infested Marine x15  
Tags
 
Commander
StukovZeratul
Matchup
Co-op
Replay Pack
Multiplayer
Add a new tag
Caveats
  • Supply blocks, unpowered buildings, or Contaminate may cause inaccurate times.
  • Supply counts are checked every 10 seconds.